Cogmind - Beta 11 @@@ ROGUE MODE // 2022.04.19 @ 21:46:58 Player: nuzcraft Result: Destroyed by as-23860 with Assembled Rifle Performance ------------- Evolutions (0) 0 Regions Visited (4) 800 Robots Destroyed (35) 175 Value Destroyed (632) 632 Prototype IDs (6) 120 Alien Tech Used (0) 0 Bonus (300) 300 TOTAL SCORE: 2027 Bonus ------- Aligned with FarCom 300 Cogmind --------- Core Integrity 0/250 Matter 94/300 Energy 125/125 System Corruption 8% Temperature Cool (0) Movement Treading (240) Ox1 Location -9/Mines Parts ------- > --- POWER (1) -------- Light Ion Engine > --- PROPULSION (2) --- Light Treads > --- UTILITY (2) ------ Large Storage Unit Weapon Shielding > --- WEAPON (2) ------- Light Assault Rifle Grenade Launcher > --- INVENTORY (15) --- Ion Engine Light Nuclear Core Light Treads Light Treads Large Storage Unit High-capacity Matter Pod (200) Seismic Detector Weapon Shielding Hacking Suite Tractor Beam Light Assault Rifle Light Assault Rifle AWS/Gauss Grenade Launcher Peak State ------------ > --- POWER ------------ Light Ion Engine > --- PROPULSION ------- Light Treads Light Treads > --- UTILITY ---------- Large Storage Unit Weapon Shielding > --- WEAPON ----------- YOLO Cannon > --- INVENTORY -------- Ion Engine Light Nuclear Core Light Treads Light Treads Large Storage Unit High-capacity Matter Pod Seismic Detector Weapon Shielding Hacking Suite Tractor Beam Small Laser Particle Gun Light Assault Rifle Grenade Launcher Grenade Launcher [Rating: 27] Favorites ----------- Power Light Ion Engine Engine Light Ion Engine Propulsion Light Treads Treads Light Treads Leg Potential Leg Wheel Wheel Utility Large Storage Unit Device Improved Terrain Scanner Storage Large Storage Unit Protection Weapon Shielding Weapon Light Assault Rifle Energy Gun EM Pulse Gun Energy Cannon YOLO Cannon Ballistic Gun Light Assault Rifle Launcher Grenade Launcher Build | -11 -10 -10 -10 -9 ------- Run | Scr Mat Min Exi Min Slots Evolved . | . . . . . Power . | . . . . . Propulsion . | . . . . . Utility . | . . . . . Weapon . | . . . . . Parts Attached 45 | 7 20 7 9 2 Power 5 | 1 3 1 . . Engine 5 | 1 3 1 . . Core . | . . . . . Reactor . | . . . . . Propulsion 12 | 2 7 1 2 . Treads 7 | . 5 1 1 . Leg 1 | . . . 1 . Wheel 4 | 2 2 . . . Hover . | . . . . . Flight . | . . . . . Utility 7 | 2 4 1 . . Device 2 | 1 1 . . . Storage 4 | 1 3 . . . Processor . | . . . . . Hackware . | . . . . . Protection 1 | . . 1 . . Artifact . | . . . . . Weapon 21 | 2 6 4 7 2 Energy Gun 2 | 2 . . . . Energy Cannon 1 | . . . 1 . Ballistic Gun 16 | . 6 3 6 1 Ballistic Cannon . | . . . . . Launcher 2 | . . 1 . 1 Special Weapon . | . . . . . Impact Weapon . | . . . . . Slashing Weapon . | . . . . . Piercing Weapon . | . . . . . Special Melee Weapon . | . . . . . Unidentified Prototypes 3 | . . . 3 . Corrupted Parts 1 | . 1 . . . System Corruption 4 | . 4 . . . Parts Lost 9 | . 6 2 . 1 Power 1 | . 1 . . . Propulsion 4 | . 2 1 . 1 Utility 1 | . . 1 . . Weapon 3 | . 3 . . . Highest Loss Streak 4 | . 4 1 . 1 To Critical Strikes . | . . . . . Average Slot Usage (%) 98 | . 98 100 96 100 Engine 13 | . 13 14 14 14 Treads 23 | . 16 28 28 28 Wheel 4 | . 11 . . . Device 5 | . 13 2 . . Storage 14 | . 14 14 14 14 Protection 8 | . . 11 14 14 Energy Gun 1 | . 4 . . . Ballistic Gun 25 | . 23 28 24 14 Naked Turns . | . . . . . Heaviest Build 50 | 15 50 28 34 34 Greatest Support 40 | 26 40 40 40 40 Greatest Overweight (x) 4 | . 4 . 1 . Average Overweight (x) . | . 1 . . . Largest Inventory Capacity 20 | 8 20 15 15 15 Average Capacity 16 | 7 18 15 15 15 Most Carried 20 | 8 20 15 15 15 Average Carried 15 | 5 17 14 14 14 Final Capacity 15 | 8 15 15 15 15 Final Carried 15 | 8 15 15 15 15 Class Distribution -------------------- 90% | Mutant 9% | Scavenger-Mutant Dominant Class ---------------- Mutant | -10/Materials Mutant | -10/Mines Mutant | -10/Exiles Mutant | -9/Mines Resources | -11 -10 -10 -10 -9 ----------- Run | Scr Mat Min Exi Min Matter Collected 1154 | 223 560 371 . . Remotely . | . . . . . Salvage Created 965 | 162 532 254 . 17 Parts 70 | 7 42 21 . . Haulers Intercepted 2 | . 2 . . . Recyclers Shooed . | . . . . . Parts Field Recycled . | . . . . . Retrieved Matter . | . . . . . Parts Self-Destructed . | . . . . . Prevented . | . . . . . Kills | -11 -10 -10 -10 -9 ------- Run | Scr Mat Min Exi Min Combat Hostiles Destroyed 36 | . 14 12 . 10 Guns 23 | . 14 9 . . AOE 13 | . . 3 . 10 Classes Destroyed 8 | 2 5 . . 1 Builder 1 | . 1 . . . Tunneler 4 | 3 . 1 . . Hauler 2 | . 2 . . . Recycler 1 | 1 . . . . Operator 1 | . 1 . . . Swarmer 15 | . 6 9 . . Grunt 11 | . 8 3 . . Assembled 10 | . . . . 10 Best Kill Streak 10 | 4 3 3 . 10 Combat Bots Only 10 | . 3 3 . 10 Max Kills in Single Turn 4 | 2 2 3 . 4 Gunslinging 1 | . 1 1 . . Exploded 4 | . . 3 . 4 Melee . | . . . . . Uniques/NPCs Destroyed . | . . . . . Combat | -11 -10 -10 -10 -9 -------- Run | Scr Mat Min Exi Min Damage Taken 1162 | 26 468 364 . 304 Core 256 | . 71 75 . 110 Absorbed by Shields . | . . . . . Redirected to Shielding 24 | . . 3 . 21 Core Remaining (%) 100 | 100 . . . . Volleys Fired 98 | 5 58 28 . 7 Largest 2 | 2 2 2 . 1 Hottest 80 | 80 80 40 . 30 Shots Fired 188 | 10 113 57 . 8 Gun 181 | 10 113 56 . 2 Cannon . | . . . . . Launcher 7 | . . 1 . 6 Special . | . . . . . Kinetic 136 | . 78 56 . 2 Thermal . | . . . . . Explosive 7 | . . 1 . 6 Electromagnetic 45 | 10 35 . . . Robot Hit Streak 40 | 5 13 40 . 8 Robot Miss Streak 5 | 1 5 1 . 1 Penetration Max . | . . . . . Secondary Targets 5 | . 2 3 . . Max Gunslinging Chain 1 | . 1 1 . . Shots Hit Robots 132 | 8 74 44 . 6 Core Hits 85 | 5 34 25 . 21 Critical Kills . | . . . . . Critical Parts Destroyed . | . . . . . Critical Strikes 1 | 1 . . . . Corrupt 1 | 1 . . . . Melee Attacks . | . . . . . Impact . | . . . . . Slashing . | . . . . . Piercing . | . . . . . Sneak Attacks . | . . . . . Combat Hostiles . | . . . . . Follow-up Attacks . | . . . . . Damage Inflicted 1989 | 146 705 476 . 662 Guns 1167 | 118 658 375 . 16 Cannons . | . . . . . Explosions 822 | 28 47 101 . 646 Melee . | . . . . . Ramming . | . . . . . Kinetic 847 | . 456 375 . 16 Thermal 75 | 28 47 . . . Explosive 747 | . . 101 . 646 Electromagnetic 320 | 118 202 . . . Impact . | . . . . . Slashing . | . . . . . Piercing . | . . . . . Highest Corruption 8 | . 8 8 8 8 Average Corruption 7 | . 7 8 8 8 Corruption Purged . | . . . . . Corruption Blocked . | . . . . . Effects 104 | . 37 39 27 1 Message Errors 28 | . 9 12 7 . Matter Fused 24 | . 10 9 5 . Heat Flow Errors 11 | . 3 3 5 . Energy Discharges 11 | . 2 4 5 . Parts Rejected 1 | . 1 . . . Data Loss (minor) 14 | . 4 7 3 . Data Loss (major) 6 | . 3 2 1 . Misfires 4 | . 1 2 . 1 Alerts 2 | . 1 . 1 . Weapon Failures 3 | . 3 . . . Overload Shots . | . . . . . Overflow Damage 69 | . 28 . . 41 Projectiles . | . . . . . Explosions 69 | . 28 . . 41 Melee . | . . . . . Knockbacks . | . . . . . Impact . | . . . . . Kinetic . | . . . . . Secondary . | . . . . . Self-Inflicted Damage 211 | 26 38 . . 147 Shots 7 | 1 1 . . 5 Rammed . | . . . . . Targets Rammed . | . . . . . Kicked . | . . . . . Crushed . | . . . . . Highest Temperature 261 | 72 230 261 210 20 Average Temperature 68 | 34 49 111 79 11 Received Heat Transfer 299 | . 123 156 . 20 Effects 2 | . . 2 . . Interference 2 | . . 2 . . Siege Activations . | . . . . . Robots Corrupted . | . . . . . Combat Hostiles . | . . . . . Parts Fried 4 | 3 1 . . . Impact Corruptions . | . . . . . Robots Melted . | . . . . . Combat Hostiles . | . . . . . Parts Melted . | . . . . . Heat Transferred 100 | 50 50 . . . Parts Sabotaged . | . . . . . Parts Stolen . | . . . . . Parts Stripped . | . . . . . Power Chain Reactions 2 | 1 1 . . . Missiles Intercepted . | . . . . . Alert | -11 -10 -10 -10 -9 ------- Run | Scr Mat Min Exi Min Peak Influence 313 | 20 313 169 . 38 Initial 39 | . 13 39 . . Average 103 | 7 138 76 . 13 Maximum Alert Level 1 | . 1 . . . Low Security (%) 90 | 100 80 100 . 100 Level 1 9 | . 19 . . . Level 2 . | . . . . . Level 3 . | . . . . . Level 4 . | . . . . . Level 5 . | . . . . . High Security . | . . . . . Max Security . | . . . . . Squads Dispatched 3 | . 3 . . . Investigation 3 | . 3 . . . Extermination . | . . . . . Reinforcement . | . . . . . Assault . | . . . . . Garrison . | . . . . . Intercept . | . . . . . Searches Triggered . | . . . . . Construction Impeded . | . . . . . Haulers Reinforced . | . . . . . Active Scanning Responses . | . . . . . Cargo Convoy Interrupts . | . . . . . Stealth | -11 -10 -10 -10 -9 --------- Run | Scr Mat Min Exi Min Distress Signals 2 | . 2 . . . Communications Jammed . | . . . . . Distress Signals . | . . . . . Times Spotted 55 | . 26 13 . 16 Peak Tracking Total 9 | . 4 3 . 9 Tactical Retreats 1 | . 1 . . . Traps | -11 -10 -10 -10 -9 ------- Run | Scr Mat Min Exi Min Traps Triggered 7 | . 7 . . . Indirectly . | . . . . . Trap Hack Attempts . | . . . . . Triggered . | . . . . . Disarmed . | . . . . . Reprogrammed . | . . . . . Reused . | . . . . . Traps Extracted . | . . . . . Installed . | . . . . . Triggered . | . . . . . Machines | -11 -10 -10 -10 -9 ---------- Run | Scr Mat Min Exi Min Machines Disabled 1 | . 1 . . . Max in Single Turn 1 | . 1 . . . Machines Sabotaged . | . . . . . Garrisons Compromised . | . . . . . Overloaded Fab Kills . | . . . . . Hacking | -11 -10 -10 -10 -9 --------- Run | Scr Mat Min Exi Min Machines Accessed 12 | . 8 . 4 . Terminals 6 | . 6 . . . Fabricators . | . . . . . Repair Stations . | . . . . . Recycling Units 2 | . 2 . . . Scanalyzers . | . . . . . Garrison Access . | . . . . . Total Hacks 78 | . 29 . 49 . Successful 60 | . 11 . 49 . Failed 18 | . 18 . . . Catastrophic 3 | . 3 . . . Database Lockouts . | . . . . . Manual 15 | . 14 . 1 . Terminals 27 | . 27 . . . Fabricators . | . . . . . Repair Stations . | . . . . . Recycling Units 2 | . 2 . . . Scanalyzers . | . . . . . Garrison Access . | . . . . . Terminal Hacks 58 | . 9 . 49 . Record 49 | . . . 49 . Robot Analysis 4 | . 4 . . . Prototype ID Bank 2 | . 2 . . . Emergency Access Points 1 | . 1 . . . Locate Traps 1 | . 1 . . . Hauler Manifests 1 | . 1 . . . Fabricator Hacks . | . . . . . Repair Station Hacks . | . . . . . Recycling Unit Hacks . | . . . . . Scanalyzer . | . . . . . Garrison Access Hacks . | . . . . . Unauthorized Hacks 2 | . 2 . . . Terminals . | . . . . . Fabricators . | . . . . . Repair Stations . | . . . . . Recycling Units 2 | . 2 . . . Tunnel 2 | . 2 . . . Scanalyzers . | . . . . . Garrison Access . | . . . . . Data Cores Recovered . | . . . . . Used . | . . . . . Hacking Detections 6 | . 6 . . . Full Trace Events 3 | . 3 . . . Feedback Events . | . . . . . Feedback Blocked . | . . . . . Robot Schematics Acquired . | . . . . . Robots Built . | . . . . . Authchips . | . . . . . Time . | . . . . . Total Robot Build Rating . | . . . . . Part Schematics Acquired . | . . . . . Parts Built . | . . . . . Authchips . | . . . . . Time . | . . . . . Total Part Build Rating . | . . . . . Parts Repaired . | . . . . . Time . | . . . . . Parts Recycled . | . . . . . Recycled Matter . | . . . . . Retrieved Matter . | . . . . . Retrieved Components . | . . . . . Parts Scanalyzed . | . . . . . Part Schematics Acquired . | . . . . . Parts Damaged . | . . . . . Bothacking | -11 -10 -10 -10 -9 ------------ Run | Scr Mat Min Exi Min Used RIF Installer . | . . . . . Robots Hacked . | . . . . . Non-combat . | . . . . . Combat . | . . . . . Robot Hacks Applied . | . . . . . Relay Couplers Released . | . . . . . Fabnet Peak Effective % . | . . . . . Robots Rewired . | . . . . . Allies Hacked . | . . . . . Hacks Repelled . | . . . . . Allies | -11 -10 -10 -10 -9 -------- Run | Scr Mat Min Exi Min Total Allies . | . . . . . Largest Group . | . . . . . Highest-Rated Group . | . . . . . Highest-Rated Ally . | . . . . . Total Orders . | . . . . . Ally Attacks . | . . . . . Total Damage . | . . . . . Kills . | . . . . . Allies Corrupted . | . . . . . Allies Melted . | . . . . . Intel | -11 -10 -10 -10 -9 ------- Run | Scr Mat Min Exi Min Robot Analysis Total 4 | . 4 . . . Derelict Logs Recovered 1 | . . 1 . . Drone Launches . | . . . . . Drone Recoveries . | . . . . . Exploration | -11 -10 -10 -10 -9 ------------- Run | Scr Mat Min Exi Min Turns Passed 3567 | 87 1288 1256 910 26 Spaces Moved 2020 | 55 679 725 555 6 Core 1 | 1 . . . . Treads 1595 | . 309 725 555 6 Legs . | . . . . . Wheels 424 | 54 370 . . . Hover . | . . . . . Flight . | . . . . . Fastest Speed 50 | 50 90 160 160 160 Average Speed 156 | 87 154 160 160 160 Slowest Speed 240 | 90 240 160 240 160 Overloaded Moves . | . . . . . Propulsion Burnouts . | . . . . . Robots Hopped . | . . . . . Cave-ins Triggered . | . . . . . Exploration Rate (%) 60 | 4 98 99 93 6 Regions Visited 4 Branch Regions 3 Pre-discovered Areas 3 | . 2 . 1 . Known Exits Taken . | . . . . . Unknown Exits Taken 4 | 1 1 1 1 . Scrap Searched 3 | . . 3 . . Spaces Dug 4 | . . 4 . . Terrain Destroyed 39 | 4 3 4 . 28 Melee . | . . . . . Projectile . | . . . . . AOE 39 | 4 3 4 . 28 Terrain Rammed . | . . . . . Walls Destroyed . | . . . . . Machines Disabled . | . . . . . Actions | -11 -10 -10 -10 -9 --------- Run | Scr Mat Min Exi Min Total 2292 | 81 832 784 578 17 Wait 30 | 3 17 10 . . Move 2016 | 54 678 724 554 6 Hop . | . . . . . Pick Up 54 | 10 33 7 3 1 Fast Attach 26 | 7 11 . 8 . Attach 10 | . 5 2 1 2 Detach . | . . . . . Swap 9 | . 4 5 . . Drop 49 | 2 26 8 12 1 Fire 98 | 5 58 28 . 7 Melee . | . . . . . Ram . | . . . . . Kick . | . . . . . Crush . | . . . . . Escape Stasis . | . . . . . Rewire . | . . . . . Trap . | . . . . . Miscellaneous . | . . . . . Route ------- -11/Scrapyard -10/Materials (discovered 4 exits: *Mat x3 / [*Min]) -10/Mines (discovered 3 exits: *Mat x2 / *Exi) -10/Exiles (discovered 2 exits: [*Min x2]) -9/Mines History --------- Turn | Location | Event 17 | -11/Scrapyard | Discovered new exit (range 15) 88 | -11/Scrapyard | Entered Materials 127 | -10/Materials | Discovered new exit (range 13) 343 | -10/Materials | Lost 4 parts (2n2w) 360 | -10/Materials | Discovered new exit (range 5) 602 | -10/Materials | Build established: Scavenger-Mutant 864 | -10/Materials | Discovered new exit (range 5) 937 | -10/Materials | Build established: Mutant 1275 | -10/Materials | Discovered new exit (range 4) 1376 | -10/Materials | Entered Mines 1645 | -10/Mines | Identified exit to Materials 1866 | -10/Mines | Core integrity fell below 50% 1926 | -10/Mines | Discovered exit to Materials (range 8) 2621 | -10/Mines | Deemed a non-threat by the Exiles lab entrance 2622 | -10/Mines | Discovered new exit (range 5) 2632 | -10/Mines | Entered Exiles 2658 | -10/Exiles | Discovered new exit (range 15) 2701 | -10/Exiles | Met 8R-AWN 2736 | -10/Exiles | Met EX-HEX 2799 | -10/Exiles | Met EX-DEC 2918 | -10/Exiles | Visited The Gauntlet 3165 | -10/Exiles | Met EX-BIN 3189 | -10/Exiles | Aligned with FarCom system 3191 | -10/Exiles | Given EX-Vault access code 3255 | -10/Exiles | Opened EX-Vault 3269 | -10/Exiles | Found Prototype Ballistic Gun 3269 | -10/Exiles | Identified AWS/Gauss 3281 | -10/Exiles | Found Prototype Leg 3281 | -10/Exiles | Identified Potential Leg 3296 | -10/Exiles | Found Prototype Energy Cannon 3296 | -10/Exiles | Identified YOLO Cannon 3358 | -10/Exiles | Warned to stay clear of 0b10 Research branches 3452 | -10/Exiles | Learned location of Zion (-7) 3522 | -10/Exiles | Discovered new exit (range 14) 3542 | -10/Exiles | Left Exiles lab with AWS/Gauss 3542 | -10/Exiles | Entered Mines 3543 | -9/Mines | Assembled infested the area 3564 | -9/Mines | Core integrity fell below 20% 3568 | -9/Mines | Destroyed by as-23860 with Assembled Rifle Last Messages --------------- 03544_ Dropped AWS/Gauss. 03547_ Acquired AWS/Gauss. 03556_ System corrupted: FCS attempts to trigger Lgt. Assault Rifle. 03556_ System corrupted: Lgt. Assault Rifle misfires. 03557_ as-12206 destroyed. 03557_ as-61199 destroyed. 03559_ Destroyed Asb. F-torch. 03559_ as-65150 destroyed. 03561_ Destroyed Unknown Hover Unit. 03561_ as-80629 destroyed. 03562_ The unstable cave ceiling collapses. 03563_ Destroyed Unknown Hover Unit. 03563_ Lgt. Treads destroyed. 03563_ Destroyed Lgt. Treads. 03563_ as-73383 destroyed. 03563_ as-69642 destroyed. 03565_ as-63498 destroyed. 03565_ as-28093 destroyed. 03565_ as-98480 destroyed. 03565_ as-98209 destroyed. Map ----- +----------------------------------------------------+ | ????????????????????????????????????? | | ????????????????????????????????????? | | ????????????????????????????????????? | | ????????????????????????????????????? | | ????????????????????????????????????? | | ????????????????????????????????????? | | ????????????????????????????????????? | | ????????????????????????????????????? | | ????????????????????????????????????? | | ????????????????????????????????????? | | ????????????????????????????????????? | | ????????????????????????????????????? | | ????????????????????????????????????? | | ????????????????????????????????????? | | ????????????????????????????????????? | | ????????????????????????????????????? | | ????????????????????????????????????? | | ????????????????????????????????????? | | ????????????????????????#####???????? | | ???????????????????????? #???????? | | ????????????????????????# # #???????? | | ??????????????????????### # #???????? | | ??????????????????????# # # ##??????? | | ?????????????????????## ##?????? | | ?????????????????????# #?????? | | ?????????????????????# @ #?????? | | ????????????????????# a ##????? | | ????????????????????## ###??? | | ????????????????????# #??? | | ????????????????????## a #?? | | ?????????????????????#a #?? | | ?????????????????????# ##?? | | ?????????????????????#a## ###??? | | ?????????????????????# ?## ##????? | | ?????????????????????#a??## ##?????? | | ?????????????????????#????####??????? | | ????????????????????????????????????? | | ????????????????????????????????????? | | ????????????????????????????????????? | | ????????????????????????????????????? | | ????????????????????????????????????? | | ????????????????????????????????????? | | ????????????????????????????????????? | | ????????????????????????????????????? | | ????????????????????????????????????? | | ????????????????????????????????????? | | ????????????????????????????????????? | | ????????????????????????????????????? | | ????????????????????????????????????? | | ????????????????????????????????????? | +----------------------------------------------------+ Best States ------------- Heat Dissipation 25 Energy Generation 10 Energy Capacity 250 Matter Stores 300 Matter Capacity 300 Sight Range 16 Terrain Scan Range 16 Terrain Scan Density 10 Weapon Shielding 33 Evasion (%) 42 Recoil Reduction 2 Item Schematics ----------------- None Robot Schematics ------------------ None Fabricated ------------ Nothing Alien Tech Used ----------------- None Achievements -------------- None Challenges ------------ None Game ------ Seed MassThrowingSuite Manual? 0 Play Time 00:49:18 Cumulative 169.8 hours Start 2022.04.19 @ 20:53:31 End 2022.04.19 @ 21:46:58 Sessions 3 Manual Loads 0 Difficulty Rogue Special Mode None Game No. 126 Rogue 126 Adventurer 0 Explorer 0 Win Type - Total 3 Types 1/0/2/0/0/0/0/0/0 Lore% 56 Gallery% 67 Achievement% 48 Wizard Run 0 Options --------- ASCII 0 Keyboard 0 Movement Numpad Keybinds 0 Fullscreen 2 Font 18/SmallcapsGlow Map View 76x50 Tactical HUD 1 Map Filters NONE Filters NONE Steam 1 RUN: 0ec10841-32b4-46c6-9533-efded7f614b7